TOP OF THE 1ST |
Niagara Falls Rapids batting - Pitching for Geneva Red Legs : RHP Erik Hendricks
|
Pitching: RHP Erik Hendricks
|
|
Batting: LHB Luis Robles
|
0-0: Swinging Strike 0-1: Swinging Strike 0-2: Ball 1-2: Fly out, F7 (Flyball, 78S)
|
Batting: RHB David Daniels
|
0-0: SINGLE (Groundball, 4MD)
|
Batting: RHB Junior Ortiz
|
0-0: Ball 1-0: Ball 2-0: Fly out, F8 (Flyball, 8LS)
|
Batting: RHB Gary Skow
|
0-0: Ball David Daniels steals 2nd base (no throw) 1-0: Ball 2-0: Foul Ball, location: 2F 2-1: Ball 3-1: Base on Balls
|
Batting: LHB Steven Swain
|
0-0: Ball 1-0: Foul Ball, location: 2F 1-1: Called Strike 1-2: Ball 2-2: Ground out 1-3 (Groundball, 34S)
|
Top of the 1st over - 0 runs, 1 hit, 0 errors, 2 left on base; Niagara Falls 0 - Geneva 0 |
BOTTOM OF THE 1ST |
Geneva Red Legs batting - Pitching for Niagara Falls Rapids : RHP Rolando Menendez
|
Pitching: RHP Rolando Menendez
|
|
Batting: RHB Raymond Bresnahan
|
0-0: Ball 1-0: Called Strike 1-1: Called Strike 1-2: Ball 2-2: Ball 3-2: Fly out, F8 (Flyball, 8RM)
|
Batting: SHB Richard Reichle
|
0-0: Ground out 4-3 (Groundball, 4)
|
Batting: RHB Adolfo Feliz
|
0-0: Called Strike 0-1: Ball 1-1: Called Strike 1-2: Strikes out looking
|
Bottom of the 1st over - 0 runs, 0 hits, 0 errors, 0 left on base; Niagara Falls 0 - Geneva 0 |
TOP OF THE 2ND |
Niagara Falls Rapids batting - Pitching for Geneva Red Legs : RHP Erik Hendricks
|
Batting: RHB Harold Drake
|
0-0: Ball 1-0: Ball 2-0: Ground out 5-3 (Groundball, 5L)
|
Batting: RHB Joseph Pocoroba
|
0-0: Fly out, F6 (Line Drive, 6)
|
Batting: RHB Roger Payne
|
0-0: Called Strike 0-1: Foul Ball, location: 2F 0-2: Foul Ball, location: 2F 0-2: Strikes out looking
|
Top of the 2nd over - 0 runs, 0 hits, 0 errors, 0 left on base; Niagara Falls 0 - Geneva 0 |
BOTTOM OF THE 2ND |
Geneva Red Legs batting - Pitching for Niagara Falls Rapids : RHP Rolando Menendez
|
Batting: RHB Steve Balboni
|
0-0: Called Strike 0-1: Ball 1-1: Ball 2-1: Ground out 4-3 (Groundball, 4)
|
Batting: RHB Sean O'Leary
|
0-0: Ball 1-0: Ball 2-0: Ball 3-0: Base on Balls
|
Batting: RHB Allen Leech
|
0-0: Called Strike 0-1: Foul Ball, location: 2F 0-2: Fly out, F9 (Flyball, 89M)
|
Batting: LHB William Bowman
|
0-0: Called Strike 0-1: Ball 1-1: Ball 2-1: Ball 3-1: Foul Ball, location: 2F 3-2: Base on Balls Sean O'Leary to second
|
Batting: RHB Harold Crisp
|
0-0: Ball 1-0: Called Strike 1-1: DOUBLE (Line Drive, 3D) Sean O'Leary scores William Bowman to third Runner from 3rd tries for Home, SAFE, throw by RF to home
|
Batting: RHB Richard Meltz
|
0-0: Called Strike 0-1: SINGLE (Line Drive, 56) Harold Crisp to third Runner from 3rd tries for Home, SAFE, no throw by LF
|
Batting: RHB Raymond Bresnahan
|
0-0: Ground out 4-3 (Groundball, 4)
|
Bottom of the 2nd over - 3 runs, 2 hits, 0 errors, 1 left on base; Niagara Falls 0 - Geneva 3 |
TOP OF THE 3RD |
Niagara Falls Rapids batting - Pitching for Geneva Red Legs : RHP Erik Hendricks
|
Batting: SHB Robert Adams
|
0-0: Ball 1-0: Called Strike 1-1: Fly out, F9 (Line Drive, 9)
|
Batting: LHB Luis Robles
|
0-0: Ball 1-0: Fly out, F9 (Flyball, 9LM)
|
Batting: RHB David Daniels
|
0-0: Ball 1-0: Called Strike 1-1: Called Strike 1-2: Foul Ball, location: 2F 1-2: Strikes out swinging
|
Top of the 3rd over - 0 runs, 0 hits, 0 errors, 0 left on base; Niagara Falls 0 - Geneva 3 |
BOTTOM OF THE 3RD |
Geneva Red Legs batting - Pitching for Niagara Falls Rapids : RHP Rolando Menendez
|
Batting: SHB Richard Reichle
|
0-0: Called Strike 0-1: Ground out U3 (Groundball, 3L)
|
Batting: RHB Adolfo Feliz
|
0-0: Called Strike 0-1: Ball 1-1: Called Strike 1-2: Fly out, F9 (Line Drive, 9D)
|
Batting: RHB Steve Balboni
|
0-0: Called Strike 0-1: Foul Ball, location: 2F 0-2: Strikes out swinging
|
Bottom of the 3rd over - 0 runs, 0 hits, 0 errors, 0 left on base; Niagara Falls 0 - Geneva 3 |
TOP OF THE 4TH |
Niagara Falls Rapids batting - Pitching for Geneva Red Legs : RHP Erik Hendricks
|
Batting: RHB Junior Ortiz
|
0-0: Ball 1-0: Ball 2-0: Fly out, F7 (Flyball, 78S)
|
Batting: RHB Gary Skow
|
0-0: Swinging Strike 0-1: Swinging Strike 0-2: Ball 1-2: Strikes out looking
|
Batting: LHB Steven Swain
|
0-0: Ball 1-0: Called Strike 1-1: SINGLE (Line Drive, 8LS)
|
Batting: RHB Harold Drake
|
0-0: Ball 1-0: Ball 2-0: DOUBLE (Line Drive, 3D) Steven Swain to third Runner from 3rd tries for Home, SAFE, throw by RF to home
|
Batting: RHB Joseph Pocoroba
|
0-0: Ball 1-0: Ball 2-0: Foul Ball, location: 2F 2-1: Foul Ball, location: 2F 2-2: Ball 3-2: Base on Balls
|
Batting: RHB Roger Payne
|
0-0: Ball 1-0: Fly out, F4 (Popup, 4D)
|
Top of the 4th over - 1 run, 2 hits, 0 errors, 2 left on base; Niagara Falls 1 - Geneva 3 |
BOTTOM OF THE 4TH |
Geneva Red Legs batting - Pitching for Niagara Falls Rapids : RHP Rolando Menendez
|
Batting: RHB Sean O'Leary
|
0-0: Called Strike 0-1: Fly out, F5 (Line Drive, 5)
|
Batting: RHB Allen Leech
|
0-0: Ball 1-0: Ball 2-0: Ball 3-0: Called Strike 3-1: Reached on error, E8 (Flyball, 8LM)
|
Batting: LHB William Bowman
|
0-0: Ball 1-0: Called Strike 1-1: Called Strike 1-2: Fly out, F8 (Flyball, 8RM)
|
Batting: RHB Harold Crisp
|
0-0: Ball 1-0: Fly out, F9 (Line Drive, 9)
|
Bottom of the 4th over - 0 runs, 0 hits, 1 error, 1 left on base; Niagara Falls 1 - Geneva 3 |
TOP OF THE 5TH |
Niagara Falls Rapids batting - Pitching for Geneva Red Legs : RHP Erik Hendricks
|
Batting: SHB Robert Adams
|
0-0: Called Strike 0-1: Ball 1-1: Foul Ball, location: 2F 1-2: Strikes out looking
|
Batting: LHB Luis Robles
|
0-0: Swinging Strike 0-1: Foul Ball, location: 2F 0-2: Strikes out swinging
|
Batting: RHB David Daniels
|
0-0: SINGLE (Groundball, 34D)
|
Batting: RHB Junior Ortiz
|
0-0: Called Strike 0-1: Called Strike 0-2: Foul Ball, location: 2F 0-2: Ball 1-2: Ball David Daniels steals 2nd base (no throw) 2-2: SINGLE (Line Drive, 4M) David Daniels to third
|
Batting: RHB Gary Skow
|
0-0: Ball 1-0: Called Strike 1-1: Called Strike 1-2: Foul Ball, location: 2F 1-2: Strikes out looking
|
Top of the 5th over - 0 runs, 2 hits, 0 errors, 2 left on base; Niagara Falls 1 - Geneva 3 |
BOTTOM OF THE 5TH |
Geneva Red Legs batting - Pitching for Niagara Falls Rapids : RHP Rolando Menendez
|
Batting: RHB Richard Meltz
|
0-0: Reached on error, E6 (Groundball, 6M)
|
Batting: RHB Raymond Bresnahan
|
0-0: Ball 1-0: SINGLE (Flyball, 9LM) Richard Meltz to third
|
Batting: SHB Richard Reichle
|
0-0: Called Strike 0-1: Swinging Strike 0-2: Strikes out swinging
|
Batting: RHB Adolfo Feliz
|
0-0: Called Strike 0-1: Ball 1-1: Ball 2-1: Ball 3-1: SINGLE (Flyball, 9LM) Richard Meltz scores Raymond Bresnahan to second
|
Batting: RHB Steve Balboni
|
0-0: Called Strike Raymond Bresnahan is caught stealing 3rd base 2-5 Adolfo Feliz to second 0-1: Foul Ball, location: 2F 0-2: Ball 1-2: Ball 2-2: Ball 3-2: Reached on error, E9 (Flyball, 9S) Adolfo Feliz scores
|
Batting: RHB Sean O'Leary
|
0-0: Ball 1-0: Ball 2-0: Swinging Strike 2-1: Fly out, F7 (Flyball, 7S)
|
Bottom of the 5th over - 2 runs, 2 hits, 2 errors, 1 left on base; Niagara Falls 1 - Geneva 5 |
TOP OF THE 6TH |
Niagara Falls Rapids batting - Pitching for Geneva Red Legs : RHP Erik Hendricks
|
Batting: LHB Steven Swain
|
0-0: Ball 1-0: Foul Ball, location: 2F 1-1: Ball 2-1: Ball 3-1: Foul Ball, location: 2F 3-2: SOLO HOME RUN (Line Drive, 9LD), Distance : 347 ft
|
Batting: RHB Harold Drake
|
0-0: Foul Ball, location: 2F 0-1: Ball 1-1: Swinging Strike 1-2: Strikes out looking
|
Batting: RHB Joseph Pocoroba
|
0-0: Called Strike 0-1: Called Strike 0-2: DOUBLE (Line Drive, 89D)
|
Batting: RHB Roger Payne
|
0-0: Called Strike 0-1: Foul Ball, location: 2F 0-2: Ball 1-2: Foul Ball, location: 2F 1-2: Fly out, F5 (Line Drive, 5)
|
Batting: SHB Robert Adams
|
0-0: Called Strike 0-1: Swinging Strike 0-2: Ball 1-2: Strikes out looking
|
Top of the 6th over - 1 run, 2 hits, 0 errors, 1 left on base; Niagara Falls 2 - Geneva 5 |
BOTTOM OF THE 6TH |
Geneva Red Legs batting - Pitching for Niagara Falls Rapids : RHP Rolando Menendez
|
Batting: RHB Allen Leech
|
0-0: Ball 1-0: Swinging Strike 1-1: Ball 2-1: Fly out, F9 (Flyball, 89D)
|
Batting: LHB William Bowman
|
0-0: Fly out, F5 (Line Drive, 5)
|
Batting: RHB Harold Crisp
|
0-0: Ball 1-0: Reached on error, E4 (Groundball, 4)
|
Batting: RHB Richard Meltz
|
0-0: Ball 1-0: Ball 2-0: Ball 3-0: Called Strike 3-1: Swinging Strike 3-2: Foul Ball, location: 2F 3-2: Fly out, F7 (Flyball, 7LS)
|
Bottom of the 6th over - 0 runs, 0 hits, 1 error, 1 left on base; Niagara Falls 2 - Geneva 5 |
TOP OF THE 7TH |
Niagara Falls Rapids batting - Pitching for Geneva Red Legs : RHP Erik Hendricks
|
Batting: LHB Luis Robles
|
0-0: Ball 1-0: Fly out, F7 (Flyball, 7LS)
|
Batting: RHB David Daniels
|
0-0: Foul Ball, location: 2F 0-1: Ball 1-1: Ball 2-1: SINGLE (Groundball, 56) (infield hit)
|
Batting: RHB Junior Ortiz
|
0-0: Ball David Daniels is caught stealing 2nd base 2-4 1-0: Swinging Strike 1-1: Foul Ball, location: 2F 1-2: SINGLE (Flyball, 7S)
|
Batting: RHB Gary Skow
|
0-0: Ball 1-0: SINGLE (Groundball, 6MD) Junior Ortiz to second Runner from 2nd tries for 3rd, SAFE, throw by CF made to third
|
Batting: LHB Steven Swain
|
0-0: Ball 1-0: Ball 2-0: Ball 3-0: Swinging Strike 3-1: Base on Balls Gary Skow to second
|
Batting: RHB Harold Drake
|
0-0: Called Strike 0-1: Ball 1-1: Ball 2-1: Ball 3-1: Fielders Choice at 2nd, U6 (Groundball, 6M)
|
Top of the 7th over - 0 runs, 3 hits, 0 errors, 3 left on base; Niagara Falls 2 - Geneva 5 |
BOTTOM OF THE 7TH |
Geneva Red Legs batting - Pitching for Niagara Falls Rapids : RHP Rolando Menendez
|
Batting: RHB Raymond Bresnahan
|
0-0: Ball 1-0: Ball 2-0: Called Strike 2-1: Ball 3-1: Swinging Strike 3-2: Foul Ball, location: 2F 3-2: Strikes out swinging
|
Batting: SHB Richard Reichle
|
0-0: Called Strike 0-1: Ball 1-1: Ball 2-1: Foul Ball, location: 2F 2-2: Foul Ball, location: 2F 2-2: Ball 3-2: Base on Balls
|
Pitching: RHP Timothy Justus
|
|
Batting: RHB Adolfo Feliz
|
0-0: Ball 1-0: Ball 2-0: TRIPLE (Flyball, 8LXD) Richard Reichle scores
|
Batting: RHB Steve Balboni
|
0-0: SINGLE (Line Drive, 8RS) Adolfo Feliz scores
|
Batting: RHB Sean O'Leary
|
0-0: Swinging Strike 0-1: Fly out, F7 (Line Drive, 7)
|
Batting: RHB Allen Leech
|
0-0: Ball 1-0: Ball 2-0: Ball 3-0: Base on Balls Steve Balboni to second
|
Batting: LHB William Bowman
|
0-0: Called Strike 0-1: Foul Ball, location: 2F 0-2: Strikes out looking
|
Bottom of the 7th over - 2 runs, 2 hits, 0 errors, 2 left on base; Niagara Falls 2 - Geneva 7 |
TOP OF THE 8TH |
Niagara Falls Rapids batting - Pitching for Geneva Red Legs : RHP Erik Hendricks
|
Now at 3B: Ronald Thompson
|
|
Batting: RHB Joseph Pocoroba
|
0-0: Swinging Strike 0-1: Ball 1-1: Swinging Strike 1-2: Ball 2-2: Fly out, F7 (Flyball, 7)
|
Batting: RHB Roger Payne
|
0-0: Ball 1-0: Foul Ball, location: 2F 1-1: DOUBLE (Flyball, 8LXD)
|
Batting: SHB Robert Adams
|
0-0: Ground out 4-3 (Groundball, 4) Roger Payne to third
|
Batting: LHB Luis Robles
|
0-0: Swinging Strike 0-1: Swinging Strike 0-2: Strikes out swinging
|
Top of the 8th over - 0 runs, 1 hit, 0 errors, 1 left on base; Niagara Falls 2 - Geneva 7 |
BOTTOM OF THE 8TH |
Geneva Red Legs batting - Pitching for Niagara Falls Rapids : RHP Timothy Justus
|
Batting: RHB Harold Crisp
|
0-0: Ball 1-0: Called Strike 1-1: Ball 2-1: Swinging Strike 2-2: Strikes out swinging
|
Batting: RHB Richard Meltz
|
0-0: Ball 1-0: Fly out, F9 (Flyball, 9S)
|
Batting: RHB Ronald Thompson
|
0-0: Ground out 1-3 (Groundball, 34S)
|
Bottom of the 8th over - 0 runs, 0 hits, 0 errors, 0 left on base; Niagara Falls 2 - Geneva 7 |
TOP OF THE 9TH |
Niagara Falls Rapids batting - Pitching for Geneva Red Legs : RHP Erik Hendricks
|
Batting: RHB David Daniels
|
0-0: Ball 1-0: Ball 2-0: Called Strike 2-1: Ball 3-1: Foul Ball, location: 2F 3-2: Fly out, F8 (Flyball, 8RXD)
|
Batting: RHB Junior Ortiz
|
0-0: Ball 1-0: Called Strike 1-1: Ball 2-1: Ball 3-1: Called Strike 3-2: SINGLE (Groundball, 6MD)
|
Pitching: RHP Paul Josephson
|
|
Batting: RHB Gary Skow
|
0-0: Ball 1-0: Ball 2-0: Called Strike 2-1: Ball 3-1: Swinging Strike 3-2: Grounds into double play, 6-4-3 (Groundball, 6)
|
Top of the 9th over - 0 runs, 1 hit, 0 errors, 0 left on base; Niagara Falls 2 - Geneva 7 |
|